 Dungeon Crawl Stone Soup version 0.21-a0-476-gd103f4b (webtiles) character file.

885 Gildeon the Conjurer (level 7, -3/36 HPs)
             Began as a Deep Elf Fire Elementalist on Nov 22, 2017.
             Was a Follower of Vehumet.
             Slain by an elf zombie (7 damage)
             ... in an ossuary.
             The game lasted 00:53:07 (6069 turns).

Gildeon the Conjurer (Deep Elf Fire Elementalist)   Turns: 6069, Time: 00:53:08

Health: -3/36      AC:  5    Str:  7    XL:     7   Next: 76%
Magic:  1/16       EV: 12    Int: 25    God:    Vehumet [*.....]
Gold:   287        SH:  0    Dex: 15    Spells: 3/16 levels left

rFire    . . .     SeeInvis +   g - +2 dagger (elec)
rCold    + . .     Gourm    .   (no shield)
rNeg     . . .     Faith    .   c - +2 leather armour
rPois    .         Spirit   .   (no helmet)
rElec    .         Reflect  .   (no cloak)
rCorr    .         Harm     .   (no gloves)
MR       .....                  (no boots)
Stlth    +++.......             (no amulet)
HPRegen  0.12/turn              n - ring of protection from cold
MPRegen  0.15/turn              e - ring of see invisible

@: brilliant
A: no striking features
a: Renounce Religion


You were in an ossuary.
You worshipped Vehumet.
Vehumet was aware of your devotion.
You were hungry.

You visited 2 branches of the dungeon, and saw 6 of its levels.
You also visited: Sewer and Ossuary.

You collected 287 gold pieces.

Inventory:

Hand Weapons
 g - a +2 dagger of electrocution (weapon)
 o - a +2 spear of venom
Armour
 a - a +2 robe
 c - a +2 leather armour (worn)
Jewellery
 d - an uncursed ring of protection from fire
 e - a ring of see invisible (right hand)
 n - a ring of protection from cold (left hand)
Wands
 j - a wand of digging (12)
Scrolls
 p - 2 scrolls of teleportation
Potions
 q - a potion of cancellation {unknown}
 r - a potion of might {unknown}
Books
 b - a book of Flames

   Spells                             Type                      Level
   a - Flame Tongue                   Conjuration/Fire             1
   b - Throw Flame                    Conjuration/Fire             2
   c - Conjure Flame                  Conjuration/Fire             3
   d - Inner Flame                    Hexes/Fire                   3
   e - Sticky Flame                   Conjuration/Fire             4
   f - Fireball                       Conjuration/Fire             5
Comestibles
 f - a meat ration
 h - 22 fruits
 k - a bread ration
 m - 2 royal jellies


   Skills:
 - Level 2.4 Dodging
 - Level 5.0 Stealth
 - Level 5.0 Spellcasting
 - Level 5.5 Conjurations
 - Level 5.0 Fire Magic
 + Level 4.5 Evocations


You had 3 spell levels left.
You knew the following spells:

 Your Spells              Type           Power        Failure   Level  Hunger
a - Flame Tongue          Conj/Fire      #####        1%          1    None
b - Throw Flame           Conj/Fire      #####.       1%          2    None
c - Conjure Flame         Conj/Fire      #####...     1%          3    ##.....
d - Inner Flame           Hex/Fire       ####....     1%          3    ##.....
e - Sticky Flame          Conj/Fire      #####...     1%          4    ####...


Dungeon Overview and Level Annotations

Branches:
Dungeon (5/15)             Temple (1/1) D:5

Altars:
Ashenzari
Cheibriados
Dithmenos
Elyvilon
Gozag
Hepliaklqana
Kikubaaqudgha
Makhleb
Nemelex Xobeh
Qazlal
Ru
Sif Muna
Trog
Uskayaw
Vehumet
Xom
Yredelemnul
Zin
The Shining One

Shops:
D:4 :   D:5 *


Message History

The centaur zombie misses you. The orc zombie hits you.
* * * LOW HITPOINT WARNING * * *
The centaur zombie completely misses you.
A kobold zombie comes into view.
You are feeling hungry.
The centaur zombie barely misses you.
The kobold zombie hits you but does no damage.
The kobold zombie misses you. The centaur zombie barely misses you.
The kobold zombie closely misses you.
The elf zombie hits you but does no damage.
Casting: Flame Tongue
Confirm with . or Enter, or press ? or * to list all spells.
Aiming: Flame Tongue
Press: ? - help, Shift-Dir - straight line, f - centaur zombie, p - human zombie
Aim: a centaur zombie (severely damaged)
The flame tongue hits the centaur zombie.
You destroy the centaur zombie!
Vehumet accepts your kill. The elf zombie hits you!
You die...

#...# #..# #. #...#
#..# #. #..Z# #..#
#. #.Z.# .... #.
#...# ....## #.
#ZZ.# ....# #.
#..Z# .....# #.
#.Z.# #. #.@.# #.
#.Z.# #. #...# #.
#...##############.
#............Z.....
#........Z∩∩.......
###################


You could see a rat zombie, a goblin zombie, a hobgoblin zombie, a kobold
zombie, an orc zombie, an elf zombie and a human zombie.

Vanquished Creatures
  An ogre (D:4)
  2 bullfrogs (Sewer)
  A howler monkey (D:5)
  A centaur zombie (Ossuary)
  2 crimson imps (D:5)
  A bullfrog zombie (D:5)
  2 bullfrog skeletons (D:4)
  An iguana (D:4)
  An orc wizard (D:4)
  2 worker ants
  A big kobold zombie (Ossuary)
  A hound skeleton (D:5)
  A mummy (Ossuary)
  4 gnolls (D:4)
  5 adders
  9 oozes
  3 adder zombies
  4 worms
  A dart slug (D:1)
  8 leopard geckos
  8 orcs
  21 giant cockroaches
  10 hobgoblins
  2 jackals (D:5)
  6 kobolds
  2 quokkas (D:2)
  13 ball pythons (Sewer)
  2 bats
  13 frilled lizards
  9 goblins
  6 hobgoblin zombies (Ossuary)
  A jackal zombie (Ossuary)
  10 kobold zombies (Ossuary)
  5 orc zombies (Ossuary)
  2 quokka zombies (D:4)
  5 rats
  A withered plant (D:4)
167 creatures vanquished.

Notes
Turn   | Place    | Note
-------+----------+-------------------------------------------
     0 | D:1      | Gildeon the Deep Elf Fire Elementalist began the quest for the Orb.
     0 | D:1      | Reached XP level 1. HP: 10/10 MP: 6/6
   322 | D:1      | Reached XP level 2. HP: 11/15 MP: 1/9
   406 | D:1      | Learned a level 2 spell: Throw Flame
  1181 | D:2      | Reached XP level 3. HP: 19/19 MP: 3/11
  1275 | D:2      | Learned a level 3 spell: Conjure Flame
  1279 | D:2      | Learned a level 3 spell: Inner Flame
  1286 | D:2      | Reached skill level 5 in Spellcasting
  2237 | D:3      | Reached XP level 4. HP: 18/24 MP: 0/13
  2893 | D:4      | Learned a level 4 spell: Sticky Flame
  2930 | D:4      | Reached skill level 5 in Fire Magic
  3087 | D:4      | Reached XP level 5. HP: 28/28 MP: 9/14
  3128 | D:4      | Noticed an ogre
  3316 | D:4      | Killed an ogre
  3419 | D:4      | Found a glowing drain.
  3499 | Sewer    | Entered a sewer
  3524 | Sewer    | Reached XP level 6. HP: 32/32 MP: 13/15
  4066 | Sewer    | Reached skill level 5 in Conjurations
  4241 | D:4      | Reached XP level 7. HP: 36/36 MP: 13/16
  4499 | D:4      | Reached skill level 5 in Stealth
  4693 | D:4      | Reached skill level 1 in Evocations
  4830 | D:4      | Found Jiqahiocu's Book Shoppe.
  5047 | D:5      | Entered Level 5 of the Dungeon
  5430 | D:5      | Found Reig's General Store.
  5445 | D:5      | Found a staircase to the Ecumenical Temple.
  5452 | Temple   | Entered the Ecumenical Temple
  5514 | Temple   | Became a worshipper of Vehumet
  5530 | D:5      | Found a sacrificial altar of Ru.
  5688 | D:5      | Found a sand-covered staircase.
  5694 | Ossuary  | Entered an ossuary
  5970 | Ossuary  | Reached * piety under Vehumet
  5970 | Ossuary  | Offered knowledge of Magic Dart by Vehumet.
  6069 | Ossuary  | Slain by an elf zombie

Vault maps used:
D:1:      onia_arrival_mini_spirals
D:2:      hex_medium
D:3:      dk_vineyard_3
D:4:      serial_shops, shop, cheibrodos_sewer_entry_bend, serial_undead,
          serial_undead_d, serial_undead_c, serial_undead_b, serial_undead_c,
          minmay_liquid_box
D:5:      okawaru_metal_pillars_1_2, lemuel_round_altar,
          overflow_temple_1_default, temple_green, first_bread, serial_shops,
          kennysheep_mini, enter_ossuary_3, st_stairs_12
Temple:   compressed_dpeg_circular_temple
Sewer:    sewer_frog_island_02
Ossuary:  ossuary_tomb_1

Skill      XL: |  1  2  3  4  5  6  7 |
---------------+----------------------+-----
Spellcasting   | 4 5 |  5.0
Fire Magic     | 4 5 |  5.0
Conjurations   | 2 4 5 |  5.5
Stealth        | 4 5 |  5.0
Evocations     | 4 |  4.5
Dodging        | |  2.4

Action                   |  1- 3 |  4- 6 |  7- 9 || total
-------------------------+-------+-------+-------++-------
Melee: Dagger            |     7 |    15 |    22 ||    44
 Cast: Flame Tongue      |    50 |    89 |    92 ||   231
       Throw Flame       |    34 |    29 |    17 ||    80
       Conjure Flame     |       |     2 |       ||     2
       Inner Flame       |       |     1 |     1 ||     2
  Use: Scroll            |     5 |     4 |     5 ||    14
       Potion            |     1 |     2 |     1 ||     4
 Stab: Sleeping          |       |       |     1 ||     1
  Eat: Chunk             |     2 |     4 |     1 ||     7
       Bread ration      |     1 |       |     1 ||     2
Armor: Robe              |     7 |    27 |       ||    34
       Leather armour    |       |       |    18 ||    18
Dodge: Dodged            |    24 |    81 |    42 ||   147

Table legend:
 A = Spawn XP
 B = Non-spawn XP
 C = Spawn XP percentage of total XP
 D = Spawn monster count
 E = Non-spawn monster count
 F = Spawn count percentage of total count
 G = Total turns spent on level
                    A         B        C        D         E        F      G
               +---------+---------+-------+---------+---------+-------+---------
         Total |       0 |    1265 |   0.0 |       0 |     166 |   0.0 |  6069
               +---------+---------+-------+---------+---------+-------+---------
           D:1 |       0 |      38 |   0.0 |       0 |      21 |   0.0 |  1145
           D:2 |       0 |      43 |   0.0 |       0 |      15 |   0.0 |   904
           D:3 |       0 |      30 |   0.0 |       0 |      14 |   0.0 |   832
           D:4 |       0 |     402 |   0.0 |       0 |      20 |   0.0 |  1429
           D:5 |       0 |     278 |   0.0 |       0 |      12 |   0.0 |   572
         Sewer |       0 |     356 |   0.0 |       0 |      58 |   0.0 |   737
       Ossuary |       0 |     118 |   0.0 |       0 |      26 |   0.0 |   375
               +---------+---------+-------+---------+---------+-------+---------
